 Dungeon Sprint DCSS version 0.16-a0-3911-g06eb01e (console) character file.

98 Hector the Basher (level 4, -6/52 HPs)
             Began as an Ogre Gladiator on Feb 3, 2015.
             Was a Follower of Qazlal.
             Mangled by a redback (8 damage)
             ... summoned by a deep elf summoner
             ... in the Dungeon (Sprint V: "Ziggurat Sprint").
             The game lasted 00:03:40 (199 turns).

Hector the Basher (Ogre Gladiator)                   Turns: 199, Time: 00:03:40

Health: -6/52      AC: 19    Str: 32    XL:     4   Next: 69%
Magic:  0/4        EV:  5    Int:  7    God:    Qazlal [*.....]
Gold:   0          SH:  2    Dex: 11    Spells: 0 memorised, 3 levels left

rFire  + + +     SeeInvis .     v - +7 great mace {flame, inner flame, rF++}
rCold  + . .     Clarity  .     N - +5 gold dragon armour
rNeg   . . .     SustAb   .     (shield restricted)
rPois  +         Gourm    .     c - +0 hat
rElec  .         Spirit   .     (no cloak)
rCorr  .         Warding  .     (gloves unavailable)
rMut   .         NoTele   +     (boots unavailable)
MR     .....                    (no amulet)
Stlth  ..........               u - +6 ring of strength
                                t - +6 ring of strength

@: studying Evocations, not resistant to hostile enchantments, extremely
unstealthy
A: unfitting armour, tough skin 1
a: Renounce Religion


You were in the Dungeon.
You worshipped Qazlal.
Qazlal was aware of your devotion.
You were not hungry.

You visited 1 branch

Inventory:

Hand weapons
 a - a +0 flail
 v - the +7 great mace "Firestarter" (weapon) {flame, inner flame, rF++}
   (You found it in the Dungeon)

   It has been specially enchanted to burn those struck by it, causing extra
   injury to most foes and up to half again as much damage against particularly
   susceptible opponents.
   It greatly protects you from fire.
 w - the +6 dark maul {crush}
   (You found it in the Dungeon)

   It inflicts extra damage upon your enemies.
Missiles
 d - 3 throwing nets (quivered)
Armour
 b - a +0 animal skin
 c - a +0 hat (worn)
 N - a +5 gold dragon armour (worn)
Jewellery
 p - a +6 ring of dexterity
 q - a +6 ring of dexterity
 r - a +6 ring of intelligence
 s - a +6 ring of intelligence
 t - a +6 ring of strength (left hand)
 u - a +6 ring of strength (right hand)
 K - the ring "Bihare" {SustAb rC+ rN+ MP+9 Dex-5 Slay+3}
   (You found it in the Dungeon)

   [ring of sustain abilities]

   It sustains your strength, intelligence and dexterity.
   It affects your dexterity (-5).
   It affects your accuracy and damage with ranged weapons and melee attacks
   (+3).
   It protects you from cold.
   It protects you from negative energy.
   It affects your magic capacity (+9).
Magical devices
 l - a wand of disintegration (7)
 m - a wand of fire (5)
 n - a wand of cold (5)
 o - a wand of draining (5)
Scrolls
 k - 4 scrolls of blinking
 y - 4 scrolls of amnesia
 A - 3 scrolls of recharging
 B - 7 scrolls of fog
 C - a scroll of holy word
 D - 5 scrolls of identify
 E - 5 scrolls of remove curse
 F - 2 scrolls of fear
Potions
 e - 10 potions of curing
 g - 10 potions of heal wounds
 h - 6 potions of haste
 i - 7 potions of magic
 j - 3 potions of berserk rage
 G - 2 potions of brilliance
 H - 2 potions of invisibility
 I - 2 potions of restore abilities
 J - 4 potions of resistance
 L - 5 potions of agility
 M - 5 potions of might
Books
 O - a manual of Evocations
Comestibles
 f - 5 meat rations
 x - 42 fruits
 z - 4 bread rations


   Skills:
 + Level 6.2 Fighting
 * Level 12.4 Maces & Flails
 - Level 2.1 Throwing
 * Level 3.4 Armour
 + Level 4.7 Dodging


You had 3 spell levels left.
You didn't know any spells.

Dungeon Overview and Level Annotations

Branches:
Dungeon (1/1)

Altars:
Ashenzari
Cheibriados
Dithmenos
Elyvilon
Fedhas
Gozag
Kikubaaqudgha
Makhleb
Nemelex Xobeh
Okawaru
Qazlal
Ru
Sif Muna
Trog
Vehumet
Xom
Yredelemnul
Zin
The Shining One
Beogh
Jiyva
Lugonu


Innate Abilities, Weirdness & Mutations

You are too large for most types of armour.
You have tough skin (AC +1).


Message History

You bludgeon the deep elf knight!! You burn the deep elf knight.
The deep elf knight is filled with an inner flame.
The deep elf knight is heavily wounded.
The redback bites you.
The deep elf fighter looks braver.
The deep elf knight hits you with the +8 Wrath of Trog {antimagic, *Rage}!!
* * * LOW HITPOINT WARNING * * *
The deep elf knight hits you with a +4 quarterstaff of protection.
* * * LOW HITPOINT WARNING * * *
The redback bites you but does no damage.
Use which ability? (? or * to list)
Okay, then.
Press: ? - help, v - describe, . - travel
Here: a deep elf knight, wielding the +8 Wrath of Trog {antimagic, *Rage} (berserk, fast, unusually strong, shrouded)
The floor.
Unknown command.
You thump the deep elf knight! You burn the deep elf knight.
The deep elf knight is severely wounded.
The redback bites you!
You die...

▓▓▓▓▓▓▓▓▓▓▓▓▓▓▓▓▓▓▓
▓.8©8.▓.8©8.▓.8©8.▓
▓.[[).▓.:}..▓.....▓
▓..e..▓...§.▓.)...▓
▓seee.▓.....▓.....▓
▓.s@§.▓.....▓.))..▓
▓.....▓.....▓.....▓
▓.....▓.....▓▓▓▓▓▓▓
▓▓▓▓▓▓▓▓▓▓▓▓▓


You could see 2 deep elf knights, a deep elf summoner, a tarantella, a redback
and a deep elf fighter.

Vanquished Creatures
  An iron imp (D)
  An orc wizard (D)
  A shadow imp (D)
  An ufetubus (D)
  An orc (D)
5 creatures vanquished.

Vanquished Creatures (others)
  A spatial maelstrom (D)
1 creature vanquished.

Grand Total: 6 creatures vanquished

Notes
Turn   | Place    | Note
--------------------------------------------------------------
     0 | D        | Hector, the Ogre Gladiator, began the quest for the Orb.
     0 | D        | Reached XP level 1. HP: 22/22 MP: 1/1
     0 | D        | Found a viscous altar of Jiyva.
     0 | D        | Found a corrupted altar of Lugonu.
     0 | D        | Found a white marble altar of Elyvilon.
     2 | D        | Found a sparkling altar of Nemelex Xobeh.
     2 | D        | Found a burning altar of Makhleb.
     2 | D        | Found a deep blue altar of Sif Muna.
     3 | D        | Found a bloodstained altar of Trog.
     6 | D        | Found an iron altar of Okawaru.
    11 | D        | Found a radiant altar of Vehumet.
    21 | D        | Found a basalt altar of Yredelemnul.
    38 | D        | Banished a spatial maelstrom
    45 | D        | Became a worshipper of Qazlal Stormbringer
    54 | D        | Found a shimmering altar of Xom.
    55 | D        | Entered arena 1.
    55 | D        | Noticed an orc wizard
    58 | D        | Killed an orc wizard
    58 | D        | Reached skill level 8 in Maces & Flails
    58 | D        | Reached XP level 2. HP: 29/29 MP: 2/2
    58 | D        | Reached XP level 3. HP: 36/36 MP: 3/3
    73 | D        | Reached skill level 11 in Maces & Flails
    73 | D        | Reached XP level 4. HP: 42/52 MP: 4/4
    74 | D        | Entered arena 2.
    74 | D        | Noticed an iron imp
    77 | D        | Killed an iron imp
    77 | D        | Acquired Qazlal's first power
    77 | D        | Reached skill level 12 in Maces & Flails
    89 | D        | Got the ring "Bihare" {SustAb rC+ rN+ MP+9 Dex-5 Slay+3}
   193 | D        | Entered arena 3.
   193 | D        | Noticed a deep elf fighter
   193 | D        | Noticed a deep elf knight
   193 | D        | Noticed a deep elf knight
   193 | D        | Noticed a deep elf summoner
   197 | D        | Noticed a tarantella
   197 | D        | Noticed a redback
   198 | D        | HP: 2/52 [deep elf knight/+4 quarterstaff of protection (2)]
   199 | D        | Mangled by a redback

Action                   |  1- 3 |  4- 6 || total
-------------------------+-------+-------++-------
Melee: Great mace        |     4 |     8 ||    12
  Use: Potion            |     1 |       ||     1
